 Dungeon Crawl Stone Soup version 0.29.1-12-g30fa7ad0bf (webtiles) character file.

Game seed: 11926604493980319064

62251 concernfroge the Thaumaturge (level 14, -3/110 HPs)
             Began as a Demonspawn Necromancer on Jan 9, 2023.
             Was a High Priest of Vehumet.
             Slain by Rupert
             ... wielding a +0 great sword of freezing
              (4 damage)
             ... on level 2 of the Orcish Mines.
             The game lasted 02:06:14 (24435 turns).

concernfroge the Thaumaturge (DsNe)                Turns: 24435, Time: 02:06:16

Health: -3/110     AC: 17    Str: 18    XL:     14   Next: 63%
Magic:  3/30       EV: 14    Int: 21    God:    Vehumet [*****.]
Gold:   1441       SH:  0    Dex: 15    Spells: 4/37 levels left

rFire   + . .      SeeInvis +   a - +3 dagger of Wizaxiemn {vamp, Contam Will+ Str+10}
rCold   + . .      Faith    .   (no shield)
rNeg    . . .      Spirit   .   l - +3 leather armour {rF+}
rPois   +          Reflect  .   d - +2 helmet
rElec   .          Harm     .   z - +2 cloak
rCorr   .          Rampage  .   (no gloves)
Will    +++..                   S - +0 pair of boots
Stlth   +++.......              F - amulet of regeneration
HPRegen 1.08/turn               q - ring of see invisible
MPRegen 0.22/turn               L - ring of Mirth {Drain rPois rC+ Will+}

@: mighty, about to teleport, animating dead
A: claws 2, thin metallic scales 2, ignite blood 2, powered by pain 2
a: Renounce Religion


You were on level 2 of the Orcish Mines.
You worshipped Vehumet.
Vehumet was extremely pleased with you.
You visited 3 branches of the dungeon, and saw 19 of its levels.

You collected 1663 gold pieces.
You spent 222 gold pieces at shops.

Inventory:

Hand Weapons
 a - the +3 dagger of Wizaxiemn (weapon) {vamp, Contam Will+ Str+10}
   (You found it on level 6 of the Dungeon)

   It occasionally heals its wielder for a portion of the damage dealt when it
   wounds a living foe.
   Str:       It affects your strength (+10).
   Contam:    It causes magical contamination when unequipped.
   Will:      It increases your willpower.
Missiles
 g - 3 throwing nets
Armour
 d - a +2 helmet (worn)
 l - a +3 leather armour of fire resistance (worn)
 z - a +2 cloak (worn)
 S - a +0 pair of boots (worn)
Jewellery
 q - a ring of see invisible (left claw)
 w - a ring of flight
 F - an amulet of regeneration (around neck)
 L - the ring of Mirth (right claw) {Drain rPois rC+ Will+}
   (You took it off an orc wizard on level 8 of the Dungeon)

   [ring of willpower]

   rC:        It protects you from cold.
   rPois:     It protects you from poison.
   Drain:     It drains your maximum health when unequipped.
   Will:      It increases your willpower.
 N - a ring of positive energy
 T - a +6 ring of intelligence
Wands
 i - a wand of flame (20)
 C - a wand of digging (4)
 K - a wand of mindburst (5)
Scrolls
 k - 3 scrolls of fog
 o - 7 scrolls of teleportation
 r - 3 scrolls of poison {unknown}
 E - a scroll of amnesia {unknown}
 H - 3 scrolls of torment {unknown}
 J - 3 scrolls of noise {unknown}
 M - a scroll of brand weapon {unknown}
 O - 4 scrolls of silence
 Q - a scroll of summoning {unknown}
 R - a scroll of acquirement {unknown}
 V - 3 scrolls of enchant weapon
Potions
 b - a potion of magic
 c - 2 potions of berserk rage
 e - 3 potions of haste
 f - 6 potions of heal wounds
 h - 4 potions of might
 m - 9 potions of curing
 s - 3 potions of flight
 u - 3 potions of cancellation
 v - 2 potions of invisibility
 x - 2 potions of resistance
 A - 4 potions of attraction
 B - 6 potions of brilliance
 G - 2 potions of lignification
 I - a potion of ambrosia
Miscellaneous
 P - a phial of floods (inert)
 U - a box of beasts (inert)


   Skills:
 - Level 10.0 Fighting
 - Level 5.0 Armour
 - Level 5.0 Dodging
 - Level 5.0 Stealth
 - Level 12.0 Spellcasting
 - Level 10.0 Conjurations
 - Level 11.0 Necromancy
 + Level 8.3 Translocations
 - Level 8.0 Earth Magic
 - Level 5.0 Evocations


You had 4 spell levels left.
You knew the following spells:

 Your Spells              Type           Power      Damage    Failure   Level
a - Necrotise             Necr           100%       1d9       1%          1
b - Vampiric Draining     Necr           56%        2d10      1%          3
c - Animate Dead          Necr           56%        N/A       1%          4
d - Agony                 Necr           56%        N/A       1%          5
e - Sandblast             Erth           92%        2d19      1%          1
f - Stone Arrow           Conj/Erth      100%       3d13      1%          3
g - Blink                 Tloc           94%        N/A       1%          2
h - Iskenderun's Mystic   Conj/Tloc      50%        2d11      1%          4
i - Iron Shot             Conj/Erth      25%        9d5       7%          6
j - Passage of Golubria   Tloc           47%        N/A       1%          4

Your spell library contained the following spells:

 Spells                   Type           Power      Damage    Failure   Level
 Lee's Rapid Deconstruct  Erth           23%        3d14*     1%          5
 Magic Dart               Conj           100%       1d8       1%          1
 Passwall                 Tmut/Erth      24%        N/A       1%          2
 Lesser Beckoning         Tloc           47%        N/A       1%          3
 Mephitic Cloud           Conj/Pois/Air  26%        N/A       1%          3
 Hailstorm                Conj/Ice       33%        3d8       2%          4
 Beastly Appendage        Tmut           24%        N/A       6%          1
 Slow                     Hex            48%        N/A       6%          1
 Call Imp                 Summ           12%        N/A       10%         2
 Wereblood                Tmut           12%        N/A       10%         2
 Confusing Touch          Hex            12%        N/A       19%         3
 Spider Form              Tmut/Pois      12%        N/A       19%         3
 Tukima's Dance           Hex            12%        N/A       19%         3
 Ice Form                 Ice/Tmut       12%        N/A       52%         4
 Iskenderun's Battlesphe  Conj           53%        2d10      1%          5
 Manifold Assault         Tloc           47%        N/A       5%          5
 Yara's Violent Unravell  Hex/Tmut       6%         3d5       38%         5
 Simulacrum               Ice/Necr       17%        N/A       69%         6
 Spellforged Servitor     Conj/Summ      16%        N/A       82%         7


Dungeon Overview and Level Annotations

Branches:
Dungeon (12/15)            Temple (0/1) D:6            Lair (5/5) D:10
  Swamp (0/4) Lair:2       Spider (0/4) Lair:3        Slime (0/5) Lair:5
    Orc (2/2) D:11
    Elf: Orc:2

Altars:
Hepliaklqana
Makhleb
Qazlal
Vehumet
Wu Jian

Shops:
D:5 ?

Annotations:
D:5 2 transporters, styxcanada's ghost, novice SpBr
Lair:1 2 transporters, fishmans's ghost, journeyman MiFi
Lair:3 1 runed translucent door, exclusion: door
Orc:2 1 runed translucent door, Rupert; fantasyman's ghost, journeyman FoFi


Innate Abilities, Weirdness & Mutations

You have very sharp fingernails.
You are mostly covered in thin metallic scales. (AC +3)
Your demonic aura often causes spilled blood to erupt in flames.
You sometimes gain power by taking damage.


Message History

Found a scroll of fog.
There is a passage of Golubria here.
Aim the phial where?
Press: ? - help, Shift-Dir - straight line The torrent of water hits Rupert!!
Rupert is heavily wounded.
The wave splashes down.
Rupert is engulfed in water.
You hear a shout! x4; You hear a howl!
You hear a shout! x2
Aiming: Throw Flame
Press: ? - help, Shift-Dir - straight line, f - Rupert
Aim: Rupert, wielding a +0 great sword of freezing and wearing a +0 ring mail (heavily wounded, berserk, waterlogged, ally target, 77% to hit)
The puff of flame hits Rupert!
Rupert is heavily wounded.
The orc knight hits your orc wizard zombie with a +0 great mace!!
Your orc wizard zombie is destroyed!
Aiming: Mindburst
Press: ? - help, Shift-Dir - straight line, f/p - Rupert
Aim: Rupert, wielding a +0 great sword of freezing and wearing a +0 ring mail (heavily wounded, berserk, waterlogged, ally target, chance to affect: 18%)
Okay, then.
Okay, then.
Okay, then.
Okay, then.
Okay, then.
Casting: Passage of Golubria (mildly dangerous; 1% risk of failure)
Confirm with . or Enter, or press ? or * to list all spells.
Okay, then.
As you read the scroll of teleportation, it crumbles to dust.
You feel strangely unstable. Rupert attacks as you move away!
Rupert hits you with a +0 great sword of freezing!!
Rupert freezes you.
Rupert is engulfed in blazing flames.
Rupert hits you with a +0 great sword of freezing!
Rupert freezes you. Rupert attacks as you move away!
Rupert hits you with a +0 great sword of freezing!!!
* * * LOW HITPOINT WARNING * * *
You focus on the pain.
You feel mightier all of a sudden. Rupert freezes you.
You die...

##.........#....#..####
#⌠##.............#.Z####
...##.........#.##......
#..?..##.......#####......
⌠.?♣...+.....### ##.###.
#..!.W##....## ### ##
..##...##....##
.....##⌠##.....##
.........###...☼@..#
...............@#..##
..............^.....##
.....................#
.....................#
........~~Z.)........#
........~~~.........## ...
........~~~#####...## #..
........o~## ##### #.


You could see Rupert (berserk, waterlogged, ally target), fantasyman's ghost and
a friendly orc warrior zombie.

Vanquished Creatures
  Saint Roka (Orc:2)
  Gastronok (Lair:1)
  Kirke (D:12)
  Harold (Lair:1)
  4 hydras
  Erolcha (Orc:2)
  9 death yaks
  2 catoblepae (Lair:5)
  2 two-headed ogres
  A glowing orange brain (D:9)
  A lindwurm (Lair:5)
  Pikel (D:5)
  An orc knight (Orc:1)
  A deep elf pyromancer (Orc:2)
  A wolf spider (Lair:3)
  An orc sorcerer (Orc:1)
  8 elephants
  5 cyclopes
  A manticore (Lair:5)
  4 black mambas
  A gargoyle (D:12)
  Joseph (Lair:1)
  6 cane toads
  2 unseen horrors
  6 komodo dragons
  3 rime drakes
  2 kobold demonologists (D:12)
  A death yak zombie (Lair:5)
  A hydra zombie (D:12)
  2 trolls
  3 polar bears
  A hornet (D:9)
  3 slime creatures (D:11)
  19 blink frogs
  Sigmund (D:6)
  2 jumping spiders (Lair:3)
  3 shadows
  9 wyverns
  A spriggan (D:10)
  3 wraiths
  38 yaks
  A fire bat (D:11)
  A human (D:12)
  5 steam dragons
  A hog (D:12)
  Eustachio (D:6)
  6 vampire mosquitoes
  8 basilisks
  Menkaure (D:6)
  Edmund (D:5)
  A warg (Orc:2)
  An acid dragon (D:7)
  7 water moccasins
  A swamp drake (Orc:2)
  17 orc warriors
  Duvessa (D:7)
  A sky beast (D:8)
  A blink frog zombie (Lair:4)
  5 ice beasts
  An elephant zombie (Lair:4)
  2 ogres
  10 wolves
  5 centaurs
  6 kobold brigands
  8 bullfrogs
  A gnoll sergeant (D:9)
  3 scorpions
  5 wights
  Dowan (D:7)
  A yak zombie (Lair:3)
  12 killer bees
  2 electric eels (Lair:5)
  3 howler monkeys
  3 lava snakes (Lair:5)
  A crimson imp (Orc:2)
  5 hounds
  7 orc priests
  A jelly (D:6)
  An iron imp (Orc:2)
  3 iguanas
  22 orc wizards
  A spriggan simulacrum (D:12)
  2 wolf simulacra (D:12)
  7 gnolls
  10 adders
  2 shadow imps
  5 white imps
  A worm (D:3)
  2 dart slugs (D:4)
  65 orcs
  7 ball pythons
  5 endoplasms
  3 giant cockroaches
  6 goblins
  6 hobgoblins
  2 quokkas (D:1)
  4 bats
  A frilled lizard (D:3)
  29 kobolds
  3 orc zombies (Orc:2)
  6 rats
485 creatures vanquished.

Vanquished Creatures (collateral kills)
  A catoblepas (Lair:5)
  A deep elf zephyrmancer (Orc:2)
  An orc sorcerer (Orc:1)
  A manticore (Lair:5)
  An elephant (Lair:3)
  2 black mambas
  2 cane toads
  A komodo dragon (Lair:2)
  An ice devil (D:12)
  5 blink frogs
  A wyvern (D:8)
  7 yaks
  3 vampire mosquitoes (Lair:2)
  2 black bears (Lair:2)
  3 bullfrogs
  A cane toad simulacrum (D:12)
  A two-headed ogre simulacrum (D:12)
  A yak zombie (Lair:5)
  An electric eel (Lair:5)
  A lava snake (Lair:5)
  An orc wizard (Orc:2)
  A troll simulacrum (D:12)
  A naga simulacrum (D:12)
  A white imp (Orc:2)
  14 orcs
  A frilled lizard (D:1)
  2 goblins
  2 kobolds (D:1)
  An orc zombie (Orc:2)
  3 rats
  A butterfly (Lair:2)
65 creatures vanquished.

Vanquished Creatures (others)
  A cyclops (D:12)
  4 death yak zombies
  5 humans (D:12)
  3 blink frog zombies (Lair:4)
  3 elephant zombies (Lair:3)
  A manticore zombie (Lair:5)
  2 cyclops zombies
  A water moccasin zombie (Lair:5)
  9 yak zombies
  2 bullfrog zombies
  An ogre zombie (Orc:2)
  An orc wizard (Orc:2)
  An endoplasm (D:4)
  31 orc zombies
  33 fungi
  63 plants
161 creatures vanquished.

Grand Total: 711 creatures vanquished

Notes
Turn   | Place    | Note
-------+----------+-------------------------------------------
     0 | D:1      | concernfroge the Demonspawn Necromancer began the quest for
                  | the Orb.
     0 | D:1      | Reached XP level 1. HP: 13/13 MP: 3/3
   407 | D:1      | Gained mutation: You have sharp fingernails. [demonic
                  | ancestry]
   407 | D:1      | Reached XP level 2. HP: 19/19 MP: 3/5
   447 | D:1      | Found a faded altar of an unknown god.
   556 | D:1      | Reached skill level 3 in Spellcasting
   826 | D:1      | Gained mutation: You are partially covered in thin metallic
                  | scales. (AC +2) [demonic ancestry]
   826 | D:1      | Reached XP level 3. HP: 24/24 MP: 4/8
  1060 | D:1      | Learned a level 3 spell: Vampiric Draining
  1860 | D:2      | Reached skill level 4 in Spellcasting
  1860 | D:2      | Gained mutation: You are mostly covered in thin metallic
                  | scales. (AC +3) [demonic ancestry]
  1860 | D:2      | Reached XP level 4. HP: 30/30 MP: 10/10
  2632 | D:3      | Gained mutation: You have very sharp fingernails. [demonic
                  | ancestry]
  2632 | D:3      | Reached XP level 5. HP: 35/35 MP: 12/12
  2637 | D:3      | Learned a level 4 spell: Animate Dead
  2643 | D:3      | Learned a level 5 spell: Agony
  2812 | D:3      | Reached skill level 5 in Spellcasting
  2969 | D:4      | Reached skill level 5 in Necromancy
  3168 | D:4      | Found a radiant altar of Vehumet.
  3184 | D:4      | Became a worshipper of Vehumet
  4374 | D:4      | Noticed an ogre
  4382 | D:4      | Killed an ogre
  4383 | D:4      | Gained mutation: Your demonic aura sometimes causes spilled
                  | blood to erupt in flames. [demonic ancestry]
  4383 | D:4      | Reached XP level 6. HP: 32/41 MP: 9/13
  4639 | D:5      | Entered Level 5 of the Dungeon
  4639 | D:5      | Found Buuhu's Magic Scroll Shoppe.
  4642 | D:5      | Bought a scroll of teleportation for 36 gold pieces
  4642 | D:5      | Bought a scroll of enchant armour for 90 gold pieces
  4642 | D:5      | Bought a scroll of fog for 48 gold pieces
  4642 | D:5      | Bought a scroll of vulnerability for 48 gold pieces
  4972 | D:5      | Reached XP level 7. HP: 46/46 MP: 10/14
  5168 | D:5      | Found a transporter.
  5171 | D:5      | Noticed styxcanada's ghost (novice SpBr)
  5210 | D:5      | Reached * piety under Vehumet
  5210 | D:5      | Offered knowledge of Shock by Vehumet.
  5340 | D:5      | Reached skill level 1 in Fighting
  5567 | D:4      | Learned a level 1 spell: Sandblast
  6009 | D:5      | Reached XP level 8. HP: 61/61 MP: 12/15
  6205 | D:5      | Found a transporter.
  6255 | D:5      | Noticed Pikel
  6259 | D:5      | Noticed Edmund
  6273 | D:5      | Killed Pikel
  6274 | D:5      | Reached skill level 5 in Fighting
  6274 | D:5      | Reached skill level 6 in Spellcasting
  6280 | D:5      | Killed Edmund
  6281 | D:5      | Reached skill level 7 in Spellcasting
  6555 | D:6      | Identified the +3 dagger of Wizaxiemn {vamp, Contam Will+
                  | Str+10}
  6573 | D:6      | Noticed Menkaure
  6574 | D:6      | Noticed Sigmund
  6580 | D:6      | Killed Sigmund
  6581 | D:6      | Killed Menkaure
  6582 | D:6      | Reached skill level 8 in Spellcasting
  6709 | D:6      | Gained mutation: You sometimes gain a little power by
                  | taking damage. [demonic ancestry]
  6709 | D:6      | Reached XP level 9. HP: 68/68 MP: 17/21
  6863 | D:6      | Noticed Eustachio
  6876 | D:6      | Killed Eustachio
  7177 | D:6      | Reached skill level 1 in Armour
  7264 | D:6      | Found a staircase to the Ecumenical Temple.
  7432 | D:6      | Offered knowledge of Searing Ray by Vehumet.
  7623 | D:7      | Found an ornate altar of the Wu Jian Council.
  7626 | D:7      | Noticed Duvessa
  7755 | D:7      | Reached ** piety under Vehumet
  8443 | D:8      | Reached skill level 5 in Stealth
  8543 | D:8      | Reached skill level 5 in Dodging
  8670 | D:8      | Offered knowledge of Inner Flame by Vehumet.
  8689 | D:8      | Reached XP level 10. HP: 73/74 MP: 14/22
  8877 | D:8      | Reached skill level 5 in Armour
  8877 | D:8      | Reached skill level 1 in Earth Magic
  8881 | D:8      | Reached *** piety under Vehumet
  9445 | D:8      | Learned a level 3 spell: Stone Arrow
  9528 | D:7      | Noticed Dowan
  9530 | D:7      | Killed Dowan
  9537 | D:7      | Killed Duvessa
  9758 | D:7      | Found a hazy altar of Hepliaklqana.
 10006 | D:8      | Reached skill level 5 in Earth Magic
 10231 | D:8      | Reached skill level 1 in Conjurations
 10373 | D:8      | Identified the ring of Mirth {Drain rPois rC+ Will+}
 10502 | D:8      | Offered knowledge of Iskenderun's Mystic Blast by Vehumet.
 10954 | D:9      | Reached skill level 5 in Conjurations
 11104 | D:9      | Identified the +6 whip "Lusor" {freeze, rElec Will+ Str-2}
 11123 | D:9      | Found a burning altar of Makhleb.
 11129 | D:9      | Noticed a two-headed ogre
 11131 | D:9      | Noticed a glowing orange brain
 11131 | D:9      | a two-headed ogre changed into a glowing orange brain
 11138 | D:9      | Killed a glowing orange brain
 11203 | D:9      | Reached XP level 11. HP: 79/79 MP: 12/23
 11300 | D:9      | Learned a level 2 spell: Blink
 11425 | D:9      | Found a stormy altar of Qazlal.
 11438 | D:9      | Reached skill level 1 in Translocations
 12090 | D:10     | Entered Level 10 of the Dungeon
 12218 | D:10     | Learned a level 4 spell: Iskenderun's Mystic Blast
 12624 | D:10     | Reached **** piety under Vehumet
 12775 | D:10     | Noticed a two-headed ogre
 12778 | D:10     | a two-headed ogre changed into a spriggan
 12900 | D:10     | Reached skill level 5 in Translocations
 13153 | D:10     | Found a staircase to the Lair.
 13416 | D:11     | Noticed Sonja
 13417 | D:11     | Noticed Sonja
 13417 | D:11     | Sonja changed into Sonja the fire bat
 13422 | D:11     | Killed Sonja the fire bat
 13796 | D:11     | Found a staircase to the Orcish Mines.
 13797 | D:11     | Offered knowledge of Irradiate by Vehumet.
 14070 | D:11     | Noticed a two-headed ogre
 14076 | D:11     | Killed a two-headed ogre
 14714 | Lair:1   | Entered Level 1 of the Lair of Beasts
 14717 | Lair:1   | Noticed Harold
 14739 | Lair:1   | Killed Harold
 14742 | Lair:1   | Noticed a six-headed hydra
 14776 | Lair:1   | Reached XP level 12. HP: 91/91 MP: 3/24
 14780 | Lair:1   | Found a transporter.
 14780 | Lair:1   | Noticed a death yak
 14781 | Lair:1   | Found a transporter.
 14781 | Lair:1   | Noticed fishmans's ghost (journeyman MiFi)
 15228 | Lair:1   | Noticed Gastronok
 15267 | Lair:1   | Killed Gastronok
 15458 | Lair:1   | Noticed Joseph
 15472 | Lair:1   | Killed Joseph
 15692 | Lair:1   | Killed a six-headed hydra
 15805 | Lair:1   | Identified the +0 leather armour of Beauty {Slay+3}
 16275 | Lair:2   | Reached skill level 10 in Fighting
 16474 | Lair:2   | Noticed a seven-headed hydra
 16483 | Lair:2   | Killed a seven-headed hydra
 16773 | Lair:2   | Reached skill level 10 in Necromancy
 16914 | Lair:2   | Found a staircase to the Swamp.
 17779 | Lair:3   | Reached skill level 9 in Spellcasting
 17952 | Lair:3   | Reached ***** piety under Vehumet
 18201 | Lair:3   | Gained mutation: You sometimes gain power by taking damage.
                  | [demonic ancestry]
 18201 | Lair:3   | Reached XP level 13. HP: 103/103 MP: 5/26
 18217 | Lair:3   | Offered knowledge of Yara's Violent Unravelling by Vehumet.
 18336 | Lair:3   | Found a hole to the Spider Nest.
 18469 | Lair:3   | Reached skill level 10 in Spellcasting
 19050 | Lair:3   | Found a runed translucent door.
 19649 | Lair:4   | Reached skill level 1 in Evocations
 20088 | Lair:4   | Reached skill level 5 in Evocations
 20599 | Lair:5   | Entered Level 5 of the Lair of Beasts
 20811 | Lair:5   | Found a staircase to the Slime Pits.
 20825 | Lair:5   | Learned a level 6 spell: Iron Shot
 21550 | Lair:5   | Reached skill level 10 in Conjurations
 21661 | Lair:5   | Gained mutation: Your demonic aura often causes spilled
                  | blood to erupt in flames. [demonic ancestry]
 21661 | Lair:5   | Reached XP level 14. HP: 71/110 MP: 22/28
 21756 | Lair:5   | Offered knowledge of Flame Wave by Vehumet.
 21940 | Lair:5   | Learned a level 4 spell: Passage of Golubria
 22616 | D:12     | Reached skill level 11 in Spellcasting
 22792 | D:12     | Noticed Kirke
 22800 | D:12     | Killed Kirke
 23214 | D:12     | Reached skill level 12 in Spellcasting
 23573 | Orc:1    | Entered Level 1 of the Orcish Mines
 23606 | Orc:1    | Offered knowledge of Lee's Rapid Deconstruction by Vehumet.
 23796 | Orc:1    | You fall into a shaft and drop 1 floor!
 23796 | Orc:2    | Entered Level 2 of the Orcish Mines
 23797 | Orc:2    | Noticed Erolcha
 23815 | Orc:2    | Killed Erolcha
 24152 | Orc:2    | Found the +2 hat of the Bear Spirit {Spirit, *Rage Will++}
 24188 | Orc:2    | Your ally Erolcha died
 24200 | Orc:2    | Noticed Saint Roka
 24212 | Orc:2    | Killed Saint Roka
 24224 | Orc:2    | Your ally Saint Roka died
 24364 | Orc:2    | Found a runed translucent door.
 24367 | Orc:2    | Noticed fantasyman's ghost (journeyman FoFi)
 24406 | Orc:2    | Noticed Rupert
 24435 | Orc:2    | HP: 1/110 [Rupert/+0 great sword of freezing (41)]
 24435 | Orc:2    | Slain by Rupert

Illustrated notes

Levels and vault maps discovered:
D:1:      wander_arrival_fairy_ring, layout_basic,
          hellmonk_ecumenical_altar_arch_garden, roderic_serpentine_path,
          nrook_loot_triangle
D:2:      layout_loops_corners
D:3:      layout_rooms, kennysheep_generic_room_16
D:4:      layout_layer_cave, fiery_altar_vehumet, minivault_26
D:5:      minmay_bubble_buster, layout_cave_pools, gammafunk_ghost_stat_death,
          serial_shops, nicolae_stop_n_shop_2, uniq_edmund, uniq_pikel
D:6:      layout_basic, minmay_temple_entry_grid, minivault_4,
          corexii_leaking_fountain, minmay_misc_feat_plants, uniq_sigmund,
          uniq_menkaure, uniq_eustachio
D:7:      layout_rooms, nicolae_hepliaklqana_hippocampus,
          mainiacjoe_overflow_large_starburst, uniq_duvessa
D:8:      cheibrodos_ideogram_h, layout_basic
D:9:      layout_cave_pools, nicolae_qazlal_style_of_elements,
          lemuel_crystal_altar, kennysheep_potato
D:10:     layout_stronghold, lair_entry_dummy
D:11:     layout_gridville, david_orc_2, minmay_statues_item, uniq_sonja
D:12:     dreamdust_isle_of_ice, layout_irregular_city, uniq_kirke
Lair:1:   layout_hall_layers, gammafunk_ghost_arena, serial_rivers,
          chequers_serial_rivers_small_b, chequers_serial_rivers_micro_b,
          chequers_serial_rivers_room_a, chequers_serial_rivers_micro_b,
          chequers_serial_rivers_micro_d, chequers_serial_rivers_micro_b,
          uniq_joseph, uniq_harold, uniq_gastronok
Lair:2:   layout_chaotic_city, minmay_swamp_entry_swarm, lemuel_fruit_fields
Lair:3:   layout_chaotic_city, spider_nest_entry_funnel_web, pf_torpor_hydra,
          lemuel_fruit_tree, serial_bayou_shore_a, infiniplex_staircase_pool_2
Lair:4:   layout_cave_pods
Lair:5:   evilmike_catoblepas_cave, layout_regular_city, slime_entry_1,
          wad_woods_road_02, serial_bayou_pond_c, nicolae_lair_liquid_snakes
Orc:1:    layout_diamond_mine
Orc:2:    grunt_orc_tribal_feast, layout_caves, hellmonk_ghost_happy_afterlife,
          serial_shops, shop, hangedman_minor_magic, uniq_rupert,
          uniq_saint_roka, uniq_erolcha

Skill      XL: |  1  2  3  4  5  6  7  8  9 10 11 12 13 14 |
---------------+-------------------------------------------+-----
Spellcasting   | 3 4 5 8 9 10 12 | 12.0
Necromancy     | 6 7 8 10 11 | 11.0
Fighting       | 4 5 7 10 | 10.0
Dodging        | 2 5 |  5.0
Stealth        | 2 5 |  5.0
Armour         | 4 5 |  5.0
Earth Magic    | 5 6 8 |  8.0
Conjurations   | 6 8 10 | 10.0
Translocations | 6 8 |  8.3
Evocations     | 5 |  5.0

Action                   |  1- 3 |  4- 6 |  7- 9 | 10-12 | 13-15 || total
-------------------------+-------+-------+-------+-------+-------++-------
Melee: Short sword       |     1 |       |       |       |       ||     1
       Unarmed           |     3 |       |       |       |       ||     3
       Dagger            |       |       |    33 |    84 |    82 ||   199
       Punch             |       |       |     1 |     3 |     1 ||     5
 Cast: Necrotise         |    65 |    88 |   115 |   151 |    12 ||   431
       Vampiric Draining |       |    27 |    79 |   210 |    94 ||   410
       Sandblast         |       |       |    33 |   151 |   115 ||   299
       Agony             |       |       |    11 |    18 |    17 ||    46
       Stone Arrow       |       |       |       |    21 |    89 ||   110
       Iskenderun's Myst |       |       |       |     1 |     1 ||     2
       Animate Dead      |       |       |       |     5 |    17 ||    22
       Iron Shot         |       |       |       |       |     4 ||     4
       Passage of Golubr |       |       |       |       |     1 ||     1
Evoke: Wand              |       |       |     9 |    41 |    16 ||    66
       Box of beasts     |       |       |       |     2 |     2 ||     4
       Phial of floods   |       |       |       |     1 |     2 ||     3
  Use: Scroll            |       |     6 |       |    17 |     5 ||    28
       Potion            |       |       |       |     1 |     4 ||     5
 Stab: Sleeping          |       |       |     1 |       |       ||     1
       Invisible         |       |       |       |     4 |     1 ||     5
       Distracted        |       |       |       |     1 |     1 ||     2
Armor: Robe              |     3 |    10 |    26 |       |       ||    39
       Leather armour    |       |       |    56 |   248 |   111 ||   415
Dodge: Dodged            |    13 |    20 |   106 |   376 |   203 ||   718
